 Dungeon Crawl Stone Soup version 0.30.0-5-g1a98f26d00 (webtiles) character file.

Game seed: 778771027917793876

521 Pimp the Trooper (level 7, -1/62 HPs)
             Began as a Hill Orc Fighter on May 8, 2023.
             Splashed by a jelly's acid (11 damage)
             ... on level 5 of the Dungeon.
             The game lasted 00:08:24 (4184 turns).

Pimp the Trooper (Hill Orc Fighter)                 Turns: 4184, Time: 00:08:26

Health: -1/62      AC:  0    Str: 19    XL:     7   Next: 21%
Magic:  25/25      EV:  9    Int: 10    God:
Gold:   274        SH:  5    Dex: 10    Spells: 6/6 levels left

rFire   + + .        a - +1 war axe
rCold   . . .        c - +0 buckler
rNeg    + . .        b - +0 scale mail
rPois   .            y - +0 hat
rElec   .            (no cloak)
rCorr   .            (no gloves)
SInv    .            (no boots)
Will    .....        (no amulet) Stlth
                     n - ring of magical power
HPRegen 0.30/turn    f - ring "Iptefrom" {rF++ rN+ MP+9 Stlth-}
MPRegen 0.19/turn

%: no passive effects
@: corroded
A: no striking features
a: no special abilities


You were on level 5 of the Dungeon.
You visited 1 branch of the dungeon, and saw 5 of its levels.

You collected 274 gold pieces.

Inventory:

Hand Weapons
 a - a +1 war axe (weapon)
 e - a +0 hand axe of freezing
Missiles
 r - 5 curare-tipped darts (quivered)
Armour
 b - a +0 scale mail (worn)
 c - a +0 buckler (worn)
 u - a +2 leather armour of willpower
 y - a +0 hat (worn)
Jewellery
 f - the ring "Iptefrom" (right hand) {rF++ rN+ MP+9 Stlth-}
   (You found it on level 4 of the Dungeon)

   [ring of positive energy]

   rF:        It greatly protects you from fire.
   rN:        It protects you from negative energy.
   MP:        It affects your magic capacity (+9).
   Stlth:     It makes you less stealthy.
 n - a ring of magical power (left hand)
Scrolls
 k - 2 scrolls of vulnerability
Potions
 d - 2 potions of might
 g - 2 potions of berserk rage
 m - 2 potions of lignification
 p - a potion of haste
 q - 3 potions of curing
 t - a potion of mutation {unknown}
 v - 2 potions of heal wounds
 w - a potion of flight


   Skills:
 + Level 5.7 Fighting
 + Level 5.5 Axes
 + Level 5.2 Armour
 + Level 5.2 Shields


You had 6 spell levels left.
You didn't know any spells.
Your spell library contained the following spells:

 Spells                   Type           Power      Damage    Failure   Level
 Magic Dart               Conj           0%         1d3       78%         1
 Summon Small Mammal      Summ           0%         N/A       78%         1
 Call Imp                 Summ           0%         N/A       89%         2
 Lesser Beckoning         Tloc           0%         N/A       89%         2
 Call Canine Familiar     Summ           0%         N/A       98%         3
 Gell's Gravitas          Tloc           0%         N/A       98%         3
 Mephitic Cloud           Conj/Pois/Air  0%         N/A       98%         3
 Summon Guardian Golem    Hex/Summ       0%         N/A       98%         3
 Teleport Other           Tloc           0%         N/A       98%         3


Dungeon Overview and Level Annotations

Branches:
Dungeon (5/15)
 Temple: D:4-7

Altars:
Elyvilon
Ru
Wu Jian
Yredelemnul

Shops:
D:3 [?(*


Message History

Unknown command.
You start waiting.
Your surroundings suddenly seem different.
There is a stone staircase leading down here.
You climb downwards.
Found 13 gold pieces.
There is a stone staircase leading up here.
Found a buckler.
You now have 266 gold pieces (gained 13).
You now have 274 gold pieces (gained 8).
Found a stone staircase leading down.
A jelly comes into view.
The jelly quivers.
The jelly barely misses you.
You hit the jelly.
Your hands burn!
The jelly is lightly wounded.
The jelly hits you but does no damage.
You hit the jelly. The acid corrodes you!
Your hands burn!
The jelly is moderately wounded.
The jelly hits you. The acid corrodes you!
You are splashed with acid!
You hit the jelly but do no damage.
Your hands burn!
The jelly is moderately wounded.
The jelly hits you. The acid corrodes you!
You are splashed with acid!
You barely miss the jelly.
The jelly is moderately wounded.
You block the jelly's attack. The jelly closely misses you.
You slash the jelly! The acid corrodes you!
Your hands burn!
The jelly is severely wounded.
The jelly hits you.
You are splashed with acid!
You hit the jelly.
Your hands burn!
The jelly is severely wounded.
The jelly closely misses you.
You hit the jelly.
Your hands burn!
The jelly is almost dead.
The jelly hits you.
You are splashed with acid!
* * * LOW HITPOINT WARNING * * *
The jelly hits you.
* * * LOW HITPOINT WARNING * * *
You are splashed with acid!
You die...

# ##...# ##..........# ..##
##........g.# # ..##
#..........# ## #...##
##...........#
.######......####.............#
....#...........#..............
#.......# ........# ####..###
#J.....# ##..# #@....# #..#
##....# ##.## #....# #..#
#....# #..## ##....#
##..#######.....####
#..................
#.................. #
##..................


You could see a jelly.

Vanquished Creatures
  An ice beast (D:3)
  A bullfrog (D:4)
  2 scorpions (D:4)
  A hound (D:4)
  An orc priest (D:3)
  Terence (D:3)
  3 gnolls (D:2)
  4 adders
  A white imp (D:4)
  A worm (D:3)
  6 dart slugs
  10 orcs
  5 endoplasms
  9 giant cockroaches
  4 goblins
  2 hobgoblins
  5 quokkas
  8 ball pythons
  2 bats (D:1)
  3 frilled lizards
  7 kobolds
  3 rats
80 creatures vanquished.

Vanquished Creatures (others)
  A goblin (D:2)
1 creature vanquished.

Grand Total: 81 creatures vanquished

Notes
Turn   | Place    | Note
-------+----------+-------------------------------------------
     0 | D:1      | Pimp the Hill Orc Fighter began the quest for the Orb.
     0 | D:1      | Reached XP level 1. HP: 19/19 MP: 1/1
   143 | D:1      | Reached XP level 2. HP: 27/27 MP: 2/2
   856 | D:2      | Reached XP level 3. HP: 31/33 MP: 3/3
  1321 | D:2      | Reached XP level 4. HP: 29/41 MP: 4/4
  1517 | D:2      | Found a faded altar of an unknown god.
  1849 | D:3      | Reached XP level 5. HP: 37/47 MP: 5/5
  1891 | D:3      | Found Vaots's General Store.
  1901 | D:3      | Noticed an ice beast
  1904 | D:3      | Found a sacrificial altar of Ru.
  1911 | D:3      | Killed an ice beast
  1924 | D:3      | Reached skill level 5 in Fighting
  1964 | D:3      | Reached XP level 6. HP: 32/56 MP: 6/6
  2170 | D:3      | Found Exuarr's Armour Shoppe.
  2249 | D:3      | Found Jetaowk's Magic Scroll Boutique.
  2296 | D:3      | Found a basalt altar of Yredelemnul.
  2325 | D:3      | Noticed Terence
  2342 | D:3      | Killed Terence
  2446 | D:3      | Found a white marble altar of Elyvilon.
  2505 | D:3      | Found Xerul's Weapon Emporium.
  2537 | D:3      | Found an ornate altar of the Wu Jian Council.
  2670 | D:4      | Reached skill level 5 in Axes
  2823 | D:4      | Reached skill level 5 in Armour
  2976 | D:4      | Reached skill level 5 in Shields
  2976 | D:4      | Reached XP level 7. HP: 54/61 MP: 7/7
  3558 | D:4      | Identified the ring "Iptefrom" {rF++ rN+ MP+9 Stlth-}
  3728 | D:5      | Entered Level 5 of the Dungeon
  4184 | D:5      | Splashed by a jelly's acid

Illustrated notes

Levels and vault maps discovered:
D:1:      lemuel_arrival_tunnels, layout_basic
D:2:      layout_loops_corners, shapermc_ecumenical_altar_notcrosses
D:3:      layout_basic, elyvilon_altar_5, lemuel_doored_altar,
          mainiacjoe_overflow_tiny_flanked, mainiacjoe_overflow_brackets,
          serial_shops, nicolae_shop_bloodbath_and_beyond, shop, shop_coins,
          nicolae_shop_window_shopping, uniq_terence
D:4:      layout_basic
D:5:      layout_layer_cave, lemuel_temple_firewalk_b

Skill      XL: |  1  2  3  4  5  6 |
---------------+-------------------+-----
Axes           | 3 4 5 |  5.5
Fighting       | 4 5 |  5.7
Armour         | 4 5 |  5.2
Shields        | 4 5 |  5.2

Action                     |  1- 3 |  4- 6 |  7- 9 || total
---------------------------+-------+-------+-------++-------
  Melee: War axe           |    70 |   143 |    27 ||   240
    Use: Scroll            |       |       |    14 ||    14
 Armour: Scale mail        |    43 |    55 |    15 ||   113
  Dodge: Dodged            |    43 |    64 |    12 ||   119
  Block: Buckler           |    22 |    33 |     3 ||    58
